 Dungeon Crawl Stone Soup version 0.31-a0-7-g51783674b7 (console) character file.

Game seed: 16643317240184147002

1152 petzl the Sneak (level 8, -16/62 HPs)
             Began as a Formicid Delver on May 5, 2023.
             Was a Follower of Vehumet.
             Demolished by a gargoyle
             ... wielding a +0 mace
              (23 damage)
             ... on level 12 of the Dungeon on May 6, 2023.
             The game lasted 00:44:19 (8235 turns).

petzl the Sneak (Formicid Delver)                   Turns: 8235, Time: 00:44:20

Health: -16/62     AC:  5    Str: 21    XL:     8   Next: 65%
Magic:  14/14      EV: 12    Int: 12    God:    Vehumet [*.....]
Gold:   176        SH:  0    Dex: 15    Spells: 7/15 levels left

rFire   + . .        a - +3 shortbow
rCold   . . .        (no shield)
rNeg    . . .        C - +0 leather armour {rF+}
rPois   .            (helmet unavailable)
rElec   .            l - +0 cloak
rCorr   +            (no gloves)
SInv    +            I - +0 pair of boots
Will    .....        (no amulet)
Stlth   +++          g - ring of resist corrosion
HPRegen 0.30/turn    w - +6 ring of strength
MPRegen 0.14/turn

%: no passive effects
@: no status effects
A: permanent stasis, dig shafts and tunnels, antennae 3, four strong arms, weak
1
a: Dig, Shaft Self, Renounce Religion


You were on level 12 of the Dungeon.
You worshipped Vehumet.
Vehumet was aware of your devotion.
You visited 2 branches of the dungeon, and saw 16 of its levels.
You also visited: Ice Cave.

You collected 366 gold pieces.
You spent 190 gold pieces at shops.

Inventory:

Hand Weapons
 a - a +3 shortbow (weapon)
 b - a +1 whip of venom
 c - a +0 heavy long sword
 u - a +1 heavy hand axe {!f =f}
 y - a +2 trident of holy wrath
 D - a +0 falchion of draining
Missiles
 j - a throwing net
 z - 11 poisoned darts
Armour
 l - a +0 cloak (worn)
 C - a +0 leather armour of fire resistance (worn)
 F - a +1 robe of cold resistance
 I - a +0 pair of boots (worn)
Magical Staves
 m - a staff of cold
Jewellery
 g - a ring of resist corrosion (left hand)
 w - a +6 ring of strength (right hand)
Wands
 f - a wand of digging (3)
 G - a wand of flame (13)
Scrolls
 d - 3 scrolls of magic mapping
 e - 2 scrolls of fear
 k - 4 scrolls of amnesia
 p - 2 scrolls of fog
 x - a scroll of torment
 A - a scroll of vulnerability
 B - 3 scrolls of enchant armour
 H - a scroll of enchant weapon
 J - 3 scrolls of identify
 K - a scroll of poison
Potions
 h - 2 potions of invisibility {unknown}
 i - a potion of magic {unknown}
 n - 2 potions of heal wounds
 o - a potion of attraction {unknown}
 r - 2 potions of mutation
 s - 3 potions of might {unknown}
 t - 2 potions of brilliance {unknown}
 v - 3 potions of curing
 E - a potion of lignification {unknown}
 L - 2 potions of berserk rage {unknown}


   Skills:
 + Level 5.3 Fighting
 - Level 1.4 Long Blades
 - Level 2.0 Maces & Flails
 * Level 4.6 Ranged Weapons
 + Level 2.0 Armour
 + Level 2.5 Dodging
 + Level 6.7 Stealth
 + Level 4.4 Spellcasting
 + Level 1.6 Conjurations
 + Level 2.4 Hexes
 + Level 1.8 Fire Magic
 + Level 0.0 Ice Magic
 + Level 0.1 Evocations


You had 7 spell levels left.
You knew the following spells:

 Your Spells              Type           Power      Damage    Failure   Level
a - Slow                  Hex            32%        N/A       9%          1
s - Sticky Flame          Conj/Fire      6%         2d3       75%         4
A - Ozocubu's Armour      Ice            2%         N/A       58%         3

Your spell library contained the following spells:

 Spells                   Type           Power      Damage    Failure   Level
 Kiss of Death            Conj/Necr      16%        2d6       19%         1
 Ensorcelled Hibernation  Hex/Ice        10%        N/A       22%         2
 Necrotise                Necr           8%         1d4       24%         1
 Confusing Touch          Hex            8%         N/A       26%         3
 Inner Flame              Hex/Fire       7%         N/A       30%         3
 Spider Form              Tmut/Pois      2%         N/A       58%         3
 Vampiric Draining        Necr           2%         2d6       58%         3
 Flame Wave               Conj/Fire      6%         2d5       75%         4
 Anguish                  Hex/Necr       2%         N/A       82%         4
 Metabolic Englaciation   Hex/Ice        2%         N/A       99%         5
 Agony                    Necr           2%         N/A       100%        5
 Simulacrum               Ice/Necr       1%         N/A       100%        6


Dungeon Overview and Level Annotations

Branches:
Dungeon (15/15)            Temple (1/1) D:5             Orc (0/2) D:9
  IceCv (visited)
   Lair: D:8-11      Vaults: D:13-14     Depths: D:15

Altars:
Ashenzari
Cheibriados
Dithmenos
Fedhas
Gozag
Hepliaklqana
Nemelex Xobeh
Qazlal
Ru
Sif Muna
Trog
Uskayaw
Vehumet
Wu Jian
Xom
Yredelemnul
The Shining One

Shops:
D:6 *   D:9 [   D:13 ?:

Annotations:
D:3 exclusion: downstairs, Grinder
D:5 exclusion: upstairs
D:7 exclusion: 2 downstairs, Menkaure, Pikel
D:8 exclusion: 2 downstairs
D:9 exclusion: acid dragon
D:10 exclusions: boulder beetle and upstairs
D:12 exclusions: acid dragon, 3 downstairs, shadow and upstairs
D:13 exclusion: downstairs
D:14 exclusions: downstairs, manticore and sensed monster (detected)
D:15 exclusions: sensed monster (detected) and ugly thing


Innate Abilities, Weirdness & Mutations

You cannot be hasted, slowed, berserked, paralysed or teleported.
You can dig through walls and to a lower floor.
You have a pair of large antennae on your head. (SInv)
Your four strong arms can wield two-handed weapons with a shield.
You are weak. (Str -2)


Message History

You are slowing down.
Are you sure you want to shaft yourself?
The basilisk gazes at you. You resist with some effort.
Your limbs are stiffening.
You begin to dig a shaft.
You continue digging a shaft.
The basilisk gazes at you. You resist with some effort.
You have turned to stone.
You stop digging.
The gargoyle hits you with a +0 mace!
The gargoyle hurls a stone arrow at you.
The stone arrow hits you!!
The gargoyle hits you with a +0 mace! x2
The basilisk gazes at you. You resist with some effort.
The gargoyle hurls a stone arrow at you.
The stone arrow hits you! The basilisk gazes at you.
You resist with some effort. The gargoyle hits you with a +0 mace.
The gargoyle hits you with a +0 mace!!
The basilisk bites you but does no damage.
The gargoyle hits you but does no damage.
The basilisk barely misses you. The gargoyle hits you with a +0 mace!
* * * LOW HITPOINT WARNING * * *
The basilisk bites you!
* * * LOW HITPOINT WARNING * * *
The gargoyle hits you with a +0 mace!
* * * LOW HITPOINT WARNING * * *
The basilisk gazes at you. You resist with some effort.
You turn to flesh and can move again.
Unknown command.
Unknown command.
Unknown command.
Unknown command.
Unknown command.
Unknown command.
As you read the scroll of summoning, it crumbles to dust.
Wisps of shadow whirl around you... The gargoyle hits you with a +0 mace!!
You die...

. ....########..######.......
.....W...... #...............
........... #..........####.
........ #######..######..# #.
........ .........# #..# #.
......................# #..# #.
............########..# #...
............# #..# #....
............# #..# #..###
..###### #..# #..# #..# ).#
#..########..######..# ..#
#....................# ..#
#....<...............#
..########..............<.....#
..............................#
..............................#
..########...>....9...........#
..# #......l.............# ..#
#>......@9.......)...# ..#
#.........h..........# ..#
#..########..######..# ..# #..#
#..# ..# #..# #..# ..# #..#
#..# #..# #..# #### ####


You could see a basilisk (ally target), a gargoyle (ally target), a friendly
gargoyle (summoned) and a friendly howler monkey (summoned).

Vanquished Creatures
  Prince Ribbit (D:6)
  A sky beast (D:8)
  A centaur (D:5)
  3 lemures (D:7)
  A phantom (D:5)
  3 kobold brigands
  A bullfrog (D:8)
  A howler monkey (D:7)
  An electric eel (D:11)
  A hound (D:5)
  4 iguanas
  Ijyb (D:4)
  3 orc wizards
  A gnoll (D:1)
  3 adders
  A white imp (D:8)
  A dart slug (D:2)
  9 orcs
  3 ball pythons
  6 endoplasms
  2 giant cockroaches (D:1)
  4 hobgoblins
  6 jackals
  3 quokkas
  6 bats
  6 frilled lizards
  4 goblins
  19 kobolds
  A rat (D:1)
  A bush (D:3)
98 creatures vanquished.

Vanquished Creatures (others)
  A plant (D:3)
1 creature vanquished.

Grand Total: 99 creatures vanquished

Notes
Turn   | Place    | Note
-------+----------+-------------------------------------------
     0 | D:5      | petzl the Formicid Delver began the quest for the Orb.
     0 | D:5      | Reached XP level 1. HP: 18/18 MP: 1/1
    97 | D:6      | Noticed Prince Ribbit
   226 | D:5      | Noticed a centaur
   316 | D:4      | Noticed Ijyb
   332 | D:4      | Noticed an ogre
   429 | D:5      | Reached skill level 1 in Spellcasting
   429 | D:5      | Reached XP level 2. HP: 24/24 MP: 1/4
   590 | D:3      | Found a faded altar of an unknown god.
   854 | D:1      | Reached XP level 3. HP: 16/29 MP: 6/6
  1236 | D:1      | Reached skill level 1 in Long Blades
  1389 | D:1      | Reached XP level 4. HP: 36/36 MP: 7/7
  2507 | D:3      | Noticed Grinder
  3222 | D:4      | Reached skill level 1 in Ranged Weapons
  3222 | D:4      | Reached XP level 5. HP: 30/42 MP: 9/9
  3481 | D:4      | Killed Ijyb
  3641 | D:5      | Killed a centaur
  3642 | D:5      | Reached XP level 6. HP: 41/49 MP: 9/11
  3856 | D:5      | Found a staircase to the Ecumenical Temple.
  3863 | Temple   | Entered the Ecumenical Temple
  4092 | Temple   | Became a worshipper of Vehumet
  4374 | D:5      | Learned a level 4 spell: Sticky Flame
  4376 | D:5      | Learned a level 1 spell: Slow
  4505 | D:6      | Noticed a sky beast
  4554 | D:6      | Killed Prince Ribbit
  4555 | D:6      | Reached skill level 1 in Hexes
  4555 | D:6      | Reached XP level 7. HP: 19/55 MP: 12/12
  4733 | D:6      | Found Fediororch's General Store.
  4743 | D:6      | Reached skill level 5 in Fighting
  4743 | D:6      | Reached skill level 1 in Armour
  4743 | D:6      | Reached skill level 1 in Fire Magic
  4858 | D:6      | Noticed a water moccasin
  4876 | D:5      | You fall into a shaft and drop 3 floors!
  5037 | D:9      | Noticed a two-headed ogre
  5332 | D:8      | Reached skill level 1 in Conjurations
  5332 | D:8      | Reached XP level 8. HP: 62/62 MP: 14/14
  5587 | D:7      | Noticed Pikel
  5992 | D:7      | Reached * piety under Vehumet
  5992 | D:7      | Offered knowledge of Kiss of Death by Vehumet.
  6277 | D:7      | Noticed Menkaure
  6282 | D:7      | You fall into a shaft and drop 2 floors!
  6449 | D:10     | Entered Level 10 of the Dungeon
  6452 | D:9      | Noticed a two-headed ogre
  6452 | D:9      | Found a staircase to the Orcish Mines.
  6452 | D:9      | Found Jibbas's Antique Armour Emporium.
  6496 | D:10     | Noticed a boulder beetle
  6527 | D:11     | Noticed a wyvern
  6530 | D:11     | You fall into a shaft and drop 3 floors!
  6600 | D:15     | Entered Level 15 of the Dungeon
  6661 | D:15     | Noticed a green ugly thing
  6766 | D:15     | Noticed a deep elf pyromancer
  6768 | D:15     | Noticed a fire elemental
  6786 | D:14     | Noticed a manticore
  6832 | D:13     | Found Kyudio's Magic Scroll Emporium.
  6832 | D:13     | Found Cetzuc's Book Boutique.
  6843 | D:13     | Bought a scroll of identify for 38 gold pieces
  6843 | D:13     | Bought a scroll of identify for 38 gold pieces
  6843 | D:13     | Bought 3 scrolls of identify for 114 gold pieces
  6846 | D:13     | Gained mutation: You are weak. (Str -2) [potion of
                  | mutation]
  6890 | D:13     | Noticed a komodo dragon
  6960 | D:13     | Noticed a boulder beetle
  7013 | D:14     | Noticed a skeletal warrior
  7114 | D:13     | Noticed a gargoyle
  7214 | D:13     | Noticed a hog
  7214 | D:13     | Noticed a hog
  7214 | D:13     | Noticed a hog
  7214 | D:13     | Noticed a hog
  7215 | D:13     | Noticed a hog
  7234 | D:12     | Found a frozen archway.
  7243 | IceCv    | Entered an ice cave
  7260 | D:12     | Noticed a shadow
  7333 | D:12     | Noticed a gargoyle
  7366 | D:12     | You fall into a shaft and drop 2 floors!
  7786 | D:12     | Found a shimmering altar of Xom.
  7786 | D:12     | Found a shimmering altar of Xom.
  7786 | D:12     | Noticed a fire bat
  7786 | D:12     | Noticed a fire bat
  7809 | D:12     | Learned a level 3 spell: Ozocubu's Armour
  7835 | D:12     | Found a shimmering altar of Xom.
  7835 | D:12     | Noticed a fire bat
  7836 | D:12     | Found a shimmering altar of Xom.
  7836 | D:12     | Found a shimmering altar of Xom.
  7836 | D:12     | Found a shimmering altar of Xom.
  7836 | D:12     | Found a shimmering altar of Xom.
  7836 | D:12     | Noticed a blink frog
  7860 | D:12     | a water moccasin changed into a rime drake
  7860 | D:12     | Noticed a rime drake (shapeshifter)
  7871 | D:11     | Noticed a vampire
  7910 | D:12     | Noticed a harpy
  7922 | D:12     | Noticed a queen bee
  7950 | D:13     | Noticed a centaur warrior
  7950 | D:13     | Noticed a slime creature
  7950 | D:13     | Noticed a slime creature
  7950 | D:13     | Noticed a slime creature
  7960 | D:12     | You fall into a shaft and drop 2 floors!
  8072 | D:14     | Noticed a six-headed hydra
  8147 | D:14     | Noticed a wind drake
  8154 | D:14     | Noticed a meliai
  8220 | D:12     | Noticed a basilisk
  8235 | D:12     | Demolished by a gargoyle

Illustrated notes

Levels and vault maps discovered:
D:1:      dpeg_arrival_rooms_with_view, layout_loops_corners
D:2:      layout_rooms, minmay_close_crescents
D:3:      minmay_general_purpose_star, layout_basic,
          ebering_ecumenical_altar_hall, serial_forest,
          infiniplex_forest_straight_3, infiniplex_forest_straight_3,
          infiniplex_forest_straight_4, infiniplex_forest_straight_1,
          infiniplex_forest_clump_long, infiniplex_forest_end_3,
          infiniplex_forest_3_way, infiniplex_forest_split,
          infiniplex_forest_zigzag_1, uniq_grinder
D:4:      layout_loops_ring, uniq_ijyb
D:5:      layout_loops_cross, minmay_temple_entry_nine_rooms,
          kennysheep_generic_room_2
D:6:      layout_rooms, serial_shops, nicolae_square_shop,
          minmay_shop_grid_forest, uniq_prince_ribbit1
D:7:      layout_loops_ring, uniq_menkaure, uniq_pikel
D:8:      layout_gridville, uniq_grum
D:9:      layout_irregular_city, grunt_temple_overflow_open, serial_shops,
          nicolae_shop_trees
D:10:     layout_cave_pools, dpeg_oklobed_lair, the_hattery, uniq_nergalle,
          uniq_harold, uniq_maggie
D:11:     minmay_four_partial_circles, layout_basic, serial_curves,
          eino_curves_01, eino_curves_03
D:12:     layout_small_grid, portal_ice_cave_entry_pillars_2, xom_shifter_show
D:13:     layout_roguey, serial_shops, kennysheep_mini_moat, shop,
          nicolae_book_shop_shelving, uniq_kirke
D:14:     layout_long_grid, david_vaults_1, kennysheep_crisscross,
          minmay_nine_imps
D:15:     grunt_enter_depths_magical_seal, layout_basic, uniq_nessos, uniq_agnes
Temple:   compressed_dpeg_triangle_lava_temple

Skill      XL: |  1  2  3  4  5  6  7  8 |
---------------+-------------------------+-----
Spellcasting   | 1 2 3 4 |  4.4
Long Blades    | 1 |  1.4
Ranged Weapons | 1 2 3 4 |  4.6
Fighting       | 4 5 |  5.3
Dodging        | 2 |  2.5
Hexes          | 1 2 |  2.4
Armour         | 1 2 |  2.0
Fire Magic     | 1 |  1.8
Conjurations   | 1 |  1.6
Maces & Flails | |  2.0
Stealth        | |  6.7
Evocations     | |  0.1

Action                     |  1- 3 |  4- 6 |  7- 9 || total
---------------------------+-------+-------+-------++-------
  Melee: Mace              |    32 |       |       ||    32
         Long sword        |    34 |    52 |     3 ||    89
         Whip              |       |    50 |    83 ||   133
         Trident           |       |     8 |       ||     8
         Punch             |       |       |     1 ||     1
   Fire: Sling             |       |    25 |       ||    25
         Shortbow          |       |     9 |    69 ||    78
  Throw: Dart              |       |       |     6 ||     6
   Cast: Slow              |       |       |     8 ||     8
Ability: Shaft Self        |       |       |     6 ||     6
         Dig               |       |       |     2 ||     2
    Use: Scroll            |       |     7 |     5 ||    12
         Potion            |       |       |     4 ||     4
   Stab: Sleeping          |     6 |     6 |       ||    12
         Distracted        |       |     2 |       ||     2
 Armour: Leather armour    |    23 |    35 |    22 ||    80
  Dodge: Dodged            |    70 |    39 |    62 ||   171

Table legend: (Time is in decaauts)
 A = Elapsed time spent in this place.
 B = Non-inter-level travel time spent in this place.
 C = Inter-level travel time spent in this place.
 D = Time resting spent in this place.
 E = Time spent auto-exploring this place.
 F = Levels seen in this place.
 G = Mean time per level.
                   A        B        C        D        E       F      G
               +--------+--------+--------+--------+--------+-----+--------+
         Total |   8360 |   7853 |    507 |   1709 |   2510 |  17 |  491.8 |
       Dungeon |   8114 |   7630 |    484 |   1709 |   2304 |  15 |  540.9 |
        Temple |    237 |    214 |     23 |      0 |    206 |   1 |  237.0 |
      Ice Cave |      7 |      7 |      0 |      0 |      0 |   1 |    7.0 |
               +--------+--------+--------+--------+--------+-----+--------+

Top non-repeatable levels by time:
     D:5: 1050 daAuts
     D:1: 995 daAuts
     D:3: 972 daAuts
     D:4: 837 daAuts
     D:7: 714 daAuts
     D:2: 689 daAuts
     D:8: 677 daAuts
    D:12: 514 daAuts
    D:14: 495 daAuts
    D:13: 390 daAuts
  Temple: 237 daAuts
     D:6: 200 daAuts
     D:9: 191 daAuts
    D:15: 183 daAuts
    D:11: 144 daAuts
